 Dungeon Crawl Stone Soup version 0.29-a0-284-gf9362112df (webtiles) character file.

Game seed: 5506549882670416162

23 Bimmy the Sneak (level 2, -1/22 HPs)
             Began as a Naga Enchanter on Mar 14, 2022.
             Was a Follower of Vehumet.
             Slain by an adder (3 damage)
             ... on level 2 of the Dungeon on Mar 15, 2022.
             The game lasted 00:06:24 (1077 turns).

Bimmy the Sneak (Naga Enchanter)                    Turns: 1077, Time: 00:06:25

Health: -1/22      AC:  2    Str: 10    XL:     2   Next: 95%
Magic:  2/5        EV: 10    Int: 15    God:    Vehumet [*.....]
Gold:   63         SH:  0    Dex: 11    Spells: 2/5 levels left

rFire   . . .      SeeInvis +   a - +1 dagger
rCold   . . .      Faith    .   (no shield)
rNeg    . . .      Spirit   .   b - +0 robe
rPois   +          Reflect  .   k - +0 helmet
rElec   .          Harm     .   (no cloak)
rCorr   +          Rampage  .   (no gloves)
Will    .....                   (no barding)
Stlth   +++.......              (no amulet)
HPRegen 0.07/turn               m - ring of resist corrosion
MPRegen 0.09/turn               (no ring)

@: very slow
A: AC +0, large, see invisible, deformed body, poison resistance, slowness 2,
spit poison 1, naga tail 1
a: Spit Poison, Renounce Religion


You were on level 2 of the Dungeon.
You worshipped Vehumet.
Vehumet was aware of your devotion.
You visited 1 branch of the dungeon, and saw 2 of its levels.

You collected 63 gold pieces.

Inventory:

Hand Weapons
 a - a +1 dagger (weapon)
Armour
 b - a +0 robe (worn)
 k - a +0 helmet (worn)
Magical Staves
 h - a staff of earth
Jewellery
 m - a ring of resist corrosion (left hand)
Scrolls
 e - a scroll of fear {unknown}
 g - a scroll of teleportation {unknown}
 i - a scroll of identify {unknown}
 j - 2 scrolls of noise {unknown}
Potions
 c - 2 potions of invisibility
 d - 3 potions of mutation {unknown}
 f - 3 potions of brilliance {unknown}
 l - a potion of degeneration {unknown}
 n - a potion of ambrosia {unknown}


   Skills:
 + Level 0.3 Fighting
 + Level 1.1 Short Blades
 + Level 1.8 Dodging
 + Level 4.9 Stealth
 + Level 2.2 Spellcasting
 + Level 3.3 Hexes


You had 2 spell levels left.
You knew the following spells:

 Your Spells              Type           Power      Damage    Failure   Level
a - Freeze                Ice            4%         1d3       22%         1
b - Ensorcelled Hibernat  Hex/Ice        12%        N/A       17%         2

Your spell library contained the following spells:

 Spells                   Type           Power      Damage    Failure   Level
 Confusing Touch          Hex            11%        N/A       17%         3
 Tukima's Dance           Hex            11%        N/A       17%         3
 Dazzling Flash           Conj/Hex       12%        N/A       32%         3


Dungeon Overview and Level Annotations

Branches:
Dungeon (1/15)

Altars:
Vehumet


Innate Abilities, Weirdness & Mutations

Your serpentine skin is tough. (AC +0)
You have supernaturally acute eyesight. (SInv)
Armour fits poorly on your strangely shaped body.
Your system is resistant to poisons. (rPois)
You cover ground very slowly.
You can spit poison.
You have a snake-like lower body.


Message History

* * * LOW HITPOINT WARNING * * *
The adder bites you.
* * * LOW HITPOINT WARNING * * *
You closely miss the adder.
The adder is moderately wounded.
The adder closely misses you.
Casting: Freeze (safe; 22% risk of failure)
Confirm with . or Enter, or press ? or * to list all spells.
Aiming: Freeze (safe; 22% risk of failure)
Press: ? - help, Shift-Dir - straight line, f - adder
Aim: an adder (moderately wounded)
You freeze the adder.
The adder is heavily wounded.
The adder seems to slow down.
The adder bites you.
* * * LOW HITPOINT WARNING * * *
Casting: Freeze (safe; 22% risk of failure)
Confirm with . or Enter, or press ? or * to list all spells.
Aiming: Ensorcelled Hibernation (safe; 17% risk of failure)
Press: ? - help, Shift-Dir - straight line, f/p - adder
Aim: an adder (heavily wounded, slow, chance to affect: 49%)
The adder resists with some effort.
The adder barely misses you.
You barely miss the adder.
The adder is heavily wounded.
You hit the adder.
The adder is severely wounded.
The adder bites you but does no damage.
You hit the adder but do no damage.
The adder is severely wounded.
The adder is no longer moving slowly.
The adder bites you.
* * * LOW HITPOINT WARNING * * *
You hit the adder.
The adder is almost dead.
The adder completely misses you.
You miss the adder.
The adder is almost dead.
The adder barely misses you.
You closely miss the adder.
The adder is almost dead.
The adder barely misses you. The adder bites you.
You die...

####### #.....###
###.......###########
.....................
###........##........
#...#'#.........#
#...#.#....#+#.##
.... #.#....# ..
..### #@#....# # .
###S#....# .........#
... ..#.#....#
...##..#.##.#.#
#..#..#.##.#.#
#........+#.#
#...####....#
#.#.#.#.....#


You could see an adder.

Vanquished Creatures
  3 ball pythons (D:1)
  2 endoplasms
  3 giant cockroaches
  2 hobgoblins (D:1)
  A kobold (D:1)
  A quokka (D:1)
  2 bats
  2 frilled lizards (D:1)
  5 rats
21 creatures vanquished.

Notes
Turn   | Place    | Note
-------+----------+-------------------------------------------
     0 | D:1      | Bimmy the Naga Enchanter began the quest for the Orb.
     0 | D:1      | Reached XP level 1. HP: 15/15 MP: 3/3
   176 | D:1      | Reached XP level 2. HP: 20/22 MP: 5/5
   179 | D:1      | Found a faded altar of an unknown god.
   194 | D:1      | Prayed at the altar of an unknown god.
   194 | D:1      | Became a worshipper of Vehumet
   194 | D:1      | Reached * piety under Vehumet
   194 | D:1      | Offered knowledge of Freeze by Vehumet.
   258 | D:1      | Learned a level 1 spell: Freeze
   261 | D:1      | Learned a level 2 spell: Ensorcelled Hibernation
   914 | D:1      | You fall into a shaft and drop 1 floor!
  1077 | D:2      | Slain by an adder

Illustrated notes

Levels and vault maps discovered:
D:1:      nzn_arrival_depleted_hourglass, layout_basic,
          nicolae_ecumenical_snake_handling
D:2:      layout_basic, minmay_hexomino_f4

Action                   || total
-------------------------++-------
Melee: Dagger            ||    71
       Punch             ||     1
 Cast: Freeze            ||     5
       Ensorcelled Hiber ||     1
 Abil: Spit Poison       ||     1
 Stab: Sleeping          ||     4
Armor: Robe              ||    16
Dodge: Dodged            ||    61

Table legend: (Time is in decaauts)
 A = Elapsed time spent in this place.
 B = Non-inter-level travel time spent in this place.
 C = Inter-level travel time spent in this place.
 D = Time resting spent in this place.
 E = Time spent auto-exploring this place.
 F = Levels seen in this place.
 G = Mean time per level.
                   A        B        C        D        E       F      G
               +--------+--------+--------+--------+--------+-----+--------+
         Total |   1332 |   1220 |    112 |      0 |    956 |   2 |  666.0 |
       Dungeon |   1332 |   1220 |    112 |      0 |    956 |   2 |  666.0 |
               +--------+--------+--------+--------+--------+-----+--------+

Top non-repeatable levels by time:
     D:1: 1128 daAuts
     D:2: 203 daAuts
